 Dungeon Crawl Stone Soup version 0.28.0-53-g5a82cb258f (webtiles) character file.

Game seed: 17371426716330633243

130 styxcanada the Sneak (level 4, -6/23 HPs)
             Began as a Spriggan Brigand on July 3, 2022.
             Killed from afar by Natasha (11 damage)
             ... with a magic dart
             ... on level 2 of the Dungeon.
             The game lasted 00:08:55 (2302 turns).

styxcanada the Sneak (Spriggan Brigand)             Turns: 2302, Time: 00:08:55

Health: -6/23      AC:  0    Str:  7    XL:     4   Next: 90%
Magic:  5/5        EV: 21    Int: 12    God:
Gold:   62         SH:  0    Dex: 23    Spells: 3/3 levels left

rFire   . . .      SeeInvis +   (weapon currently unavailable)
rCold   . . .      Faith    .   (shield currently unavailable)
rNeg    . . .      Spirit   .   (armour currently unavailable)
rPois   .          Reflect  .   (helmet currently unavailable)
rElec   .          Harm     .   (cloak currently unavailable)
rCorr   .          Rampage  .   (gloves unavailable)
Will    .....                   (boots unavailable)
Stlth   ++++......              (no amulet)
HPRegen 0.07/turn               (ring currently unavailable)
MPRegen 0.09/turn               (ring currently unavailable)

@: bat-form, flying, very quick
A: fast, flying, no casting, tiny, no large weapons, unfitting armour, see
invisible, (speed 3)
a: no special abilities


You were on level 2 of the Dungeon.
You were a bat.
You visited 1 branch of the dungeon, and saw 2 of its levels.

You collected 62 gold pieces.

Inventory:

Hand Weapons
 a - a +2 dagger (melded)
 l - a +2 hunting sling of freezing
Missiles
 d - 3 poisoned darts (quivered)
 e - 2 curare-tipped darts
 f - 48 stones
 k - 35 sling bullets
Armour
 b - a +0 robe (melded)
 c - a +1 cloak (melded)
Magical Staves
 g - a staff of cold
Scrolls
 i - a scroll of fear {unknown}
 m - a scroll of fog
Potions
 h - a potion of curing {unknown}
 j - a potion of flight {unknown}
 n - a potion of ambrosia {unknown}


   Skills:
 * Level 2.1 Fighting
 + Level 2.9 Short Blades
 + Level 1.1(2.0) Slings
 + Level 2.2(2.3) Throwing
 * Level 2.8 Dodging
 * Level 7.6 Stealth


You had 3 spell levels left.
You didn't know any spells.
Your spell library was empty.

Dungeon Overview and Level Annotations

Branches:
Dungeon (2/15)

Altars:

Annotations:
D:2 Natasha


Innate Abilities, Weirdness & Mutations

You are a bat.
You are tiny and dextrous.
You move quickly.
You are flying.
Your equipment is almost entirely melded.
You are incapable of wielding weapons or throwing items.
You cannot cast spells.
You are very small and have problems with some larger weapons.
You are too small for most types of armour.
You have supernaturally acute eyesight. (SInv)
((You cover ground extremely quickly. (Speed+++)))


Message History

The magic dart hits you.
* * * LOW HITPOINT WARNING * * *
There is an open door, spattered with blood here.
Your transformation is almost over.
Things that are here:
a +0 whip; a +0 animal skin; a +0 helmet You see here a +0 club.
You feel less batty.
Your +2 dagger unmelds from your body.
Your +1 cloak unmelds from your body.
Your +0 robe unmelds from your body.
You start resting.
Natasha is nearby!
Throw: 7 darts (poison)
Press: ? - help, Q - select action, (/) - cycle Shift-Dir - straight line, f - Natasha
Aim: Natasha, carrying a wand of polymorph (5) (lightly wounded, 56% to hit)
You throw a poisoned dart. The poisoned dart hits Natasha.
Natasha is poisoned.
Natasha is lightly wounded.
Throw: 6 darts (poison)
Press: ? - help, Q - select action, (/) - cycle Shift-Dir - straight line, f/p - Natasha
Aim: Natasha, carrying a wand of polymorph (5) (lightly wounded, poisoned, 56% to hit)
You throw a poisoned dart.
The poisoned dart closely misses Natasha.
Throw: 5 darts (poison)
Press: ? - help, Q - select action, (/) - cycle Shift-Dir - straight line, f/p - Natasha
Aim: Natasha, carrying a wand of polymorph (5) (lightly wounded, poisoned, 56% to hit)
You throw a poisoned dart. The poisoned dart hits Natasha.
Natasha looks even sicker.
Natasha is lightly wounded.
Throw: 4 darts (poison)
Press: ? - help, Q - select action, (/) - cycle Shift-Dir - straight line, f/p - Natasha
Aim: Natasha, carrying a wand of polymorph (5) (lightly wounded, very poisoned, 56% to hit)
You throw a poisoned dart. The poisoned dart hits Natasha.
Natasha looks even sicker.
Natasha is lightly wounded.
Natasha hisses.
Natasha zaps a wand.
You turn into a bat.
Your +2 dagger melds into your body.
Your +1 cloak melds into your body.
Your +0 robe melds into your body.
Natasha stares at you and mumbles some strange words.
The magic dart hits you!
You die...

#.#########)# #.# #.# ######.#
#.# #.# #..>...# #.#### #.#
#.#.#..# #....# #.#
#.#.##.#######....# ####### #.#
#.#.##............####......
#.####........h....h.............
#.#.....####.###'###....###.#####
#.'.............b..#....# #.#
###.....###.#......#....# #.#
#.....# #.#......#....# #.#
#.....# #.#......#....# #.#
#.....# #.#..#.######.# #.#####
#.....# #.##..h######(###.#....
####### #.#......h((..(.#.#.###
#.#....######.#.#.#.#
#.#........)....#.#.#


You could see Natasha (very poisoned).

Vanquished Creatures
  Natasha (twice) (D:2)
  Robin (D:2)
  2 adders (D:2)
  A dart slug (D:2)
  3 bats
  2 endoplasms (D:2)
  3 giant cockroaches
  11 goblins
  4 hobgoblins (D:2)
  6 jackals (D:1)
  2 quokkas
  5 ball pythons
  3 frilled lizards
  A kobold (D:2)
  2 rats (D:2)
48 creatures vanquished.

Notes
Turn   | Place    | Note
-------+----------+-------------------------------------------
     0 | D:1      | styxcanada the Spriggan Brigand began the quest for the
                  | Orb.
     0 | D:1      | Reached XP level 1. HP: 10/10 MP: 2/2
    38 | D:1      | Reached skill level 6 in Stealth
   148 | D:1      | Found a faded altar of an unknown god.
   164 | D:1      | Reached XP level 2. HP: 14/15 MP: 3/3
   813 | D:2      | Noticed Robin
   846 | D:2      | Reached XP level 3. HP: 10/18 MP: 4/4
   881 | D:2      | Killed Robin
   882 | D:2      | Reached skill level 7 in Stealth
  1250 | D:2      | Noticed Natasha
  1256 | D:2      | Killed Natasha
  1257 | D:2      | Reached XP level 4. HP: 15/23 MP: 5/5
  2019 | D:2      | Noticed Natasha
  2055 | D:2      | Killed Natasha
  2056 | D:2      | Reached skill level 1 in Slings
  2248 | D:2      | Noticed Natasha
  2302 | D:2      | Killed from afar by Natasha

Illustrated notes

Levels and vault maps discovered:
D:1:      giann_forest_graveyard, layout_basic, shapermc_ecumenical_altar_gd,
          st_stairs_7
D:2:      layout_basic, minmay_tiny_reverse_x, uniq_natasha, uniq_robin

Skill      XL: |  1  2  3  4 |
---------------+-------------+-----
Stealth        | 6 7 |  7.6
Dodging        | 2 |  2.8
Fighting       | 2 |  2.1
Slings         | 1 |  1.1
Short Blades   | |  2.9
Throwing       | |  2.2

Action                   |  1- 3 |  4- 6 || total
-------------------------+-------+-------++-------
Melee: Dagger            |    72 |    32 ||   104
       Unarmed           |       |     6 ||     6
       Punch             |       |     1 ||     1
 Fire: Hunting sling     |     9 |     7 ||    16
Throw: Dart              |    13 |     6 ||    19
  Use: Scroll            |     3 |       ||     3
 Stab: Sleeping          |    13 |     3 ||    16
Armor: Robe              |    11 |     5 ||    16
Dodge: Dodged            |    55 |    24 ||    79
